 Dungeon Crawl Stone Soup version 0.17-a0-1435-geafbe2f (webtiles) character file.

16664 Kisielow the Carver (level 12, -7/106 HPs)
             Began as a Minotaur Fighter on June 27, 2015.
             Was an Elder of Okawaru.
             Mangled by an eight-headed hydra (10 damage)
             ... on level 3 of the Lair of Beasts.
             The game lasted 00:26:46 (13479 turns).

Kisielow the Carver (Minotaur Fighter)             Turns: 13479, Time: 00:26:46

Health: -7/106     AC: 17    Str: 33    XL:     12   Next: 12%
Magic:  13/15      EV: 10    Int:  5    God:    Okawaru [****..]
Gold:   677        SH: 23    Dex: 16    Spells: 0 memorised, 11 levels left

rFire  + . .     SeeInvis .     o - +0 short sword (elec)
rCold  + . .     Clarity  .     y - +1 chain mail "Ysazum" {Str+3}
rNeg   . . .     SustAt   .     O - +1 large shield {rC+}
rPois  .         Gourm    +     (helmet restricted)
rElec  .         Spirit   .     L - +0 cloak
rCorr  .         Warding  .     k - +0 pair of gloves
rMut   .         Stasis   .     C - +1 pair of boots
MR     .....                    N - amulet "Luaheop" {Gourm Str+4 Dex+4}
Stlth  ..........               (no ring)
                                m - ring of flight

@: heroism, not resistant to hostile enchantments, extremely unstealthy
A: retaliatory headbutt, horns 2, agile 1, deformed body, fire resistance 1,
shaggy fur 1, spit poison 1
a: Spit Poison, Heroism, Renounce Religion, Evoke Flight


You were on level 3 of the Lair of Beasts.
You worshipped Okawaru.
Okawaru was greatly pleased with you.
You were very full.

You visited 3 branches of the dungeon, and saw 13 of its levels.
You also visited: Sewer.

You collected 677 gold pieces.

Inventory:

Hand weapons
 a - a +1 long sword
 o - a +0 short sword of electrocution (weapon)
Armour
 c - a +0 shield
 k - a +0 pair of gloves (worn)
 y - the +1 chain mail "Ysazum" (worn) {Str+3}
   (You found it on level 7 of the Dungeon)

   It affects your strength (+3).
 z - the +1 ring mail of Ilanal {rF++ Int+4}
   (You found it on level 7 of the Dungeon)

   It affects your intelligence (+4).
   It greatly protects you from fire.
 C - a +1 pair of boots (worn)
 G - the +1 leather armour of Qazlal's Outrage {+Fly rN+}
   (You found it on level 9 of the Dungeon)

   It protects you from negative energy.
   It lets you fly.
 L - a +0 cloak (worn)
 O - a +1 large shield of cold resistance (worn)
Jewellery
 g - an uncursed amulet of resist mutation
 m - a ring of flight (left hand)
 p - the amulet of the Scarab {Faith rPois}
   (You took it off a centaur warrior on level 8 of the Dungeon)

   [amulet of faith]

   It allows you to gain divine favour quickly.
   It protects you from poison.
 N - the amulet "Luaheop" (around neck) {Gourm Str+4 Dex+4}
   (You took it off a kobold on level 9 of the Dungeon)

   [amulet of the gourmand]

   It allows you to eat raw meat even when not hungry.
   It affects your strength (+4).
   It affects your dexterity (+4).
Magical devices
 b - a wand of paralysis (13)
 w - a wand of polymorph (24)
 F - a wand of polymorph (1)
 K - a wand of disintegration (5)
 P - a wand of cold (6)
Scrolls
 h - 6 scrolls of teleportation
 j - 3 scrolls of remove curse
 r - a scroll of recharging
 v - 12 scrolls of identify
 x - 4 scrolls of fog
 A - 2 scrolls of blinking
 B - 2 scrolls of fear
 S - a scroll of enchant weapon
Potions
 d - 3 potions of might
 f - 2 potions of brilliance {unknown}
 l - 6 potions of curing
 q - 4 potions of flight {unknown}
 s - 2 potions of magic
 u - a potion of cancellation {unknown}
 D - a potion of mutation {unknown}
 E - 2 potions of agility {unknown}
 H - 2 potions of degeneration {unknown}
 R - a potion of heal wounds
Books
 n - a book of Death

   Spells                             Type                      Level
   a - Corpse Rot                     Necromancy                   2
   b - Sublimation of Blood           Necromancy                   2
   c - Agony                          Necromancy                   5
   d - Dispel Undead                  Necromancy                   5
   e - Excruciating Wounds            Charms/Necromancy            5
   f - Bolt of Draining               Conjuration/Necromancy       5
 I - a book of Frost

   Spells                             Type                      Level
   a - Freeze                         Ice                          1
   b - Throw Frost                    Conjuration/Ice              2
   c - Ozocubu's Armour               Charms/Ice                   3
   d - Throw Icicle                   Conjuration/Ice              4
   e - Summon Ice Beast               Ice/Summoning                4
   f - Condensation Shield            Ice                          4
 J - a book of Party Tricks

   Spells                             Type                      Level
   a - Summon Butterflies             Summoning                    1
   b - Apportation                    Translocation                1
   c - Tukima's Dance                 Hexes                        3
   d - Alistair's Intoxication        Transmutation/Poison         4
   e - Invisibility                   Hexes                        6
Comestibles
 e - 10 bread rations
 i - 8 beef jerkies
 t - 5 meat rations
 M - 10 fruits
 Q - 4 chunks of flesh


   Skills:
 - Level 10.0(15.0) Fighting
 + Level 13.1(18.1) Long Blades
 - Level 10.2(15.2) Armour
 - Level 10.0(15.0) Shields
 * Level 6.2 Invocations
 + Level 6.5 Evocations


You had 11 spell levels left.
You didn't know any spells.

Dungeon Overview and Level Annotations

Branches:
Dungeon (9/15)             Temple (1/1) D:6            Lair (3/8) D:9
  Swamp: Lair:3-6    Shoals: Lair:3-6     Snake: Lair:3-6    Spider: Lair:3-6
    Orc: D:9-12

Altars:
Ashenzari
Cheibriados
Dithmenos
Elyvilon
Fedhas
Gozag
Kikubaaqudgha
Makhleb
Nemelex Xobeh
Okawaru
Qazlal
Ru
Sif Muna
Trog
Vehumet
Xom
Yredelemnul
Zin
The Shining One

Annotations:
D:7 exclusion: ice statue


Innate Abilities, Weirdness & Mutations

You reflexively headbutt those who attack you in melee.
You have a pair of horns on your head.
You are agile. (Dex +2)
Armour fits poorly on your strangely shaped body.
Your flesh is heat resistant.
You are covered in fur (AC +1).
You can spit weak poison.


Message History

The eight-headed hydra bites you.
* * * LOW HITPOINT WARNING * * *
The eight-headed hydra bites you but does no damage.
Use which ability? (? or * to list)
Okay, then.
Use which ability? (? or * to list) Use which ability? (? or * to list)
You gain the combat prowess of a mighty hero.
You feel slightly less full. You block the yak's attack.
You block the yak's attack. The yak gores you but does no damage.
You block the eight-headed hydra's attack.
The eight-headed hydra bites you!
* * * LOW HITPOINT WARNING * * *
The eight-headed hydra bites you.
* * * LOW HITPOINT WARNING * * *
The eight-headed hydra closely misses you.
The eight-headed hydra bites you.
* * * LOW HITPOINT WARNING * * *
The eight-headed hydra bites you!
You die...

#........
#.P......
#........
#.+......
##[.#..P#.
#.^.......
#........#
#YY.....##
#@D.....#
##Y....#.#
#........
#......?
.......
.......
.......
.......


You could see an eight-headed hydra and 3 yaks.

Vanquished Creatures
  2 hydras
  A centaur warrior (D:8)
  A hill giant (D:9)
  A manticore (D:9)
  An ugly thing (D:8)
  Maurice (D:9)
  3 spiny frogs
  The ghost of Oper80 the Gusty, an experienced HuAE (D:5)
  2 komodo dragons
  A fire drake (Lair:2)
  4 blink frogs (Lair:3)
  A troll (D:8)
  Prince Ribbit (D:6)
  A slime creature (D:9)
  Sigmund (D:6)
  Eustachio (D:6)
  A basilisk (Lair:1)
  4 hippogriffs
  2 hungry ghosts (D:9)
  16 yaks
  Edmund (Temple)
  5 water moccasins
  A wasp (D:8)
  5 porcupines
  A necrophage (D:9)
  2 orc warriors
  3 sky beasts
  2 centaurs
  7 ogres
  3 ice beasts
  2 big kobolds (D:9)
  11 giant frogs
  5 crocodiles
  A scorpion (D:7)
  A water moccasin skeleton (D:9)
  4 killer bees (D:8)
  A quasit (D:9)
  2 giant frog zombies
  7 crimson imps (D:5)
  7 hounds
  A jelly (D:9)
  5 orc wizards
  2 gnoll shamans
  A giant frog skeleton (D:9)
  An orc priest (D:5)
  A centaur skeleton (D:9)
  5 iguanas
  7 worker ants
  12 sheep
  A hound zombie (D:8)
  A hound skeleton (D:5)
  9 adders
  11 gnolls
  21 river rats
  3 shadow imps
  3 oozes (Sewer)
  An adder skeleton (D:7)
  An adder zombie (D:6)
  11 worms
  7 giant geckos
  22 orcs
  20 bats
  A bat skeleton (D:4)
  A bat zombie (D:5)
  17 goblins
  11 hobgoblins
  11 jackals
  3 ball pythons
  7 giant cockroaches
  5 giant newts
  22 kobolds
  4 quokkas
  17 rats
362 creatures vanquished.

Notes
Turn   | Place    | Note
--------------------------------------------------------------
     0 | D:1      | Kisielow the Minotaur Fighter began the quest for the Orb.
     0 | D:1      | Reached XP level 1. HP: 19/19 MP: 0/0
   280 | D:1      | Reached XP level 2. HP: 24/26 MP: 1/1
   620 | D:1      | You fall through a shaft!
  1087 | D:2      | Reached skill level 4 in Long Blades
  1235 | D:2      | Reached XP level 3. HP: 31/31 MP: 2/2
  1589 | D:3      | Found a basalt altar of Yredelemnul.
  1678 | D:3      | Reached skill level 5 in Long Blades
  1678 | D:3      | Reached XP level 4. HP: 21/39 MP: 3/3
  2521 | D:4      | Noticed an ogre
  2528 | D:4      | Killed an ogre
  2528 | D:4      | Reached XP level 5. HP: 28/46 MP: 4/4
  2775 | D:4      | Reached skill level 6 in Long Blades
  2898 | D:4      | Noticed an ogre
  2905 | D:4      | Killed an ogre
  2905 | D:4      | Reached XP level 6. HP: 33/53 MP: 5/5
  3039 | D:4      | Noticed an ogre
  3049 | D:4      | Killed an ogre
  3049 | D:4      | Reached skill level 5 in Fighting
  3049 | D:4      | Reached skill level 5 in Armour
  3051 | D:4      | Reached skill level 5 in Shields
  3130 | D:4      | Reached XP level 7. HP: 58/61 MP: 6/6
  3343 | D:5      | Entered Level 5 of the Dungeon
  3426 | D:5      | Found a shimmering altar of Xom.
  3628 | D:5      | Reached skill level 7 in Long Blades
  3757 | D:5      | Reached XP level 8. HP: 22/70 MP: 7/7
  4124 | D:5      | Noticed Oper80's ghost (experienced HuAE)
  4140 | D:5      | Killed Oper80's ghost
  4445 | D:6      | Found a staircase to the Ecumenical Temple.
  4445 | D:6      | Noticed Edmund
  4453 | Temple   | Entered the Ecumenical Temple
  4689 | Temple   | Killed Edmund
  4689 | Temple   | Reached skill level 8 in Long Blades
  4981 | D:6      | Found a glowing drain.
  4993 | Sewer    | Entered a sewer
  5683 | D:6      | Noticed Prince Ribbit
  5695 | D:6      | Killed Prince Ribbit
  5727 | D:6      | Noticed Eustachio
  5739 | D:6      | Killed Eustachio
  5739 | D:6      | Reached XP level 9. HP: 74/79 MP: 8/8
  6120 | D:6      | Found a sparkling altar of Nemelex Xobeh.
  6122 | D:6      | Found a bloodstained altar of Trog.
  6289 | D:6      | Noticed Sigmund
  6313 | D:6      | Killed Sigmund
  6313 | D:6      | Reached skill level 9 in Long Blades
  6511 | D:6      | Found a shattered altar of Ashenzari.
  6701 | D:7      | Got a bronze chain mail
  6712 | D:7      | Identified the +1 chain mail "Ysazum" {Str+3} (You found it on level 7 of the Dungeon)
  6771 | D:7      | Noticed an ice statue
  7013 | D:7      | Got a dazzling ring mail
  7024 | D:7      | Identified the cursed +1 ring mail of Ilanal {rF++ Int+4} (You found it on level 7 of the Dungeon)
  8097 | D:8      | Reached XP level 10. HP: 46/91 MP: 9/9
  8476 | D:9      | Noticed a centaur warrior
  8476 | D:9      | Noticed a white ugly thing
  8477 | D:9      | Noticed a manticore
  8491 | D:8      | Killed a white ugly thing
  8491 | D:8      | Reached skill level 10 in Long Blades
  8495 | D:8      | Gained mutation: You are agile. (Dex +2) [mutagenic meat]
  8855 | D:9      | Killed a manticore
  8877 | D:8      | Killed a centaur warrior
  8877 | D:8      | Reached skill level 10 in Armour
  8879 | D:8      | Got a clouded emerald amulet
  9213 | D:8      | Reached skill level 10 in Fighting
  9219 | D:8      | Reached skill level 10 in Shields
  9563 | D:9      | Found a shadowy altar of Dithmenos.
  9573 | D:9      | Found a glowing silver altar of Zin.
  9643 | D:9      | Noticed Maurice
  9739 | D:9      | Killed Maurice
  9739 | D:9      | Reached skill level 1 in Evocations
  9848 | D:9      | Got a fine leather armour
  9859 | D:9      | Identified the +1 leather armour of Qazlal's Outrage {+Fly rN+} (You found it on level 9 of the Dungeon)
  9859 | D:9      | Identified the amulet of the Scarab {Faith rPois} (You took it off a centaur warrior on level 8 of the Dungeon)
  9884 | D:9      | Noticed a hill giant
  9895 | D:9      | Killed a hill giant
  9895 | D:9      | Reached skill level 11 in Long Blades
  9967 | D:9      | Gained mutation: You are covered in fur (AC +1). [mutagenic meat]
  9968 | D:9      | Gained mutation: Armour fits poorly on your strangely shaped body. [mutagenic meat]
  9969 | D:9      | Gained mutation: Your flesh is heat resistant. [mutagenic meat]
  9970 | D:9      | Gained mutation: You can spit weak poison. [mutagenic meat]
  9974 | D:9      | Got a pitted brass amulet
 10242 | D:9      | Found a staircase to the Lair.
 10255 | D:9      | Found an iron altar of Okawaru.
 10259 | D:9      | Became a worshipper of Warmaster Okawaru
 10318 | D:9      | Reached XP level 11. HP: 97/99 MP: 12/12
 10458 | Lair:1   | Entered Level 1 of the Lair of Beasts
 10519 | Lair:1   | Identified the amulet "Luaheop" {Gourm Str+4 Dex+4} (You took it off a kobold on level 9 of the Dungeon)
 10803 | Lair:1   | Noticed a six-headed hydra
 10814 | Lair:1   | Killed a six-headed hydra
 10814 | Lair:1   | Acquired Okawaru's first power
 10814 | Lair:1   | Reached skill level 12 in Long Blades
 10854 | Lair:1   | Reached skill level 1 in Invocations
 11314 | Lair:1   | Reached skill level 5 in Evocations
 11947 | Lair:2   | Noticed a seven-headed hydra
 11961 | Lair:2   | Killed a seven-headed hydra
 12842 | Lair:3   | Reached skill level 5 in Invocations
 13079 | Lair:3   | Reached XP level 12. HP: 81/106 MP: 15/15
 13084 | Lair:3   | Reached skill level 13 in Long Blades
 13460 | Lair:3   | Noticed an eight-headed hydra
 13479 | Lair:3   | HP: 3/106 [eight-headed hydra (3)]
 13479 | Lair:3   | Mangled by an eight-headed hydra

Vault maps used:
D:1:      ncdulo_halloftheorcs
D:3:      lemuel_doored_altar
D:5:      first_bread, led_xom_imps
D:6:      nicolae_overflow_hidden_temple, minmay_temple_entry_statues,
          gup_sewer_entry_bubbles, uniq_edmund, uniq_eustachio, uniq_sigmund,
          uniq_prince_ribbit1
D:7:      lemuel_ice_statue, grunt_ogre_cave, minmay_fountain_box
D:9:      minmay_cut_squares, nicolae_dithmenos_the_darkroom,
          lemuel_round_altar, kennysheep_mini_moat, lair_0_dummy, uniq_maurice
Temple:   oiseaux_autumnal_temple_12
Lair:1:   st_stairs_3
Lair:2:   lemuel_fruit_tree, lemuel_fruit_fields
Sewer:    sewer_fruit_machine

Action                   |  1- 3 |  4- 6 |  7- 9 | 10-12 || total
-------------------------+-------+-------+-------+-------++-------
Melee: Long sword        |    83 |   121 |   520 |   550 ||  1274
       Unarmed           |       |       |       |    11 ||    11
       Short sword       |       |       |       |    20 ||    20
Invok: Heroism           |       |       |       |     1 ||     1
 Abil: Evoke Flight      |       |       |     1 |       ||     1
  Use: Scroll            |       |    14 |     3 |     2 ||    19
       Potion            |       |     1 |     2 |     3 ||     6
  Eat: Chunk             |     2 |     4 |    17 |    38 ||    61
       Pizza             |       |       |     1 |       ||     1
       Beef jerky        |       |       |       |     2 ||     2
